 Dungeon Crawl Stone Soup version 0.21.1-1-g345015fe64 (webtiles) character file.

36030 Oravi the Transmogrifier (level 13, -9/106 HPs)
             Began as a Merfolk Transmuter on May 2, 2018.
             Was the Champion of Okawaru.
             Mangled by a death yak (26 damage)
             ... on level 4 of the Lair of Beasts.
             The game lasted 01:31:31 (17729 turns).

Oravi the Transmogrifier (Merfolk Transmuter)      Turns: 17729, Time: 01:31:31

Health: -9/106     AC:  2    Str: 11    XL:     13   Next: 87%
Magic:  25/29      EV: 44    Int: 16    God:    Okawaru [******]
Gold:   1256       SH:  0    Dex: 20    Spells: 8/22 levels left

rFire    . . .     SeeInvis .     - Unarmed
rCold    . . .     Gourm    .   (shield currently unavailable)
rNeg     . . .     Faith    .   (armour currently unavailable)
rPois    x         Spirit   .   (helmet currently unavailable)
rElec    .         Reflect  .   (cloak currently unavailable)
rCorr    .         Harm     .   (gloves currently unavailable)
MR       .....                  (boots currently unavailable)
Stlth    +++.......             (no amulet)
HPRegen  0.27/turn              f - ring of magical power
MPRegen  0.21/turn              q - +6 ring of evasion

@: spider-form, heroism
A: tiny, (change form in water), (swift swim), (stealthy swim)
a: End Transformation, Heroism, Finesse, Renounce Religion


You were on level 4 of the Lair of Beasts.
You worshipped Okawaru.
Okawaru was exalted by your worship.
You were not hungry.
You were a venomous arachnid creature.
You visited 3 branches of the dungeon, and saw 19 of its levels.

You collected 1306 gold pieces.
You spent 50 gold pieces at shops.

Inventory:

Missiles
 a - 180 arrows
Armour
 b - a +1 robe (melded)
 j - a scarf of spirit shield
 r - a +0 pair of boots (melded)
 w - a +0 hat
 B - a +3 ring mail of fire resistance
 C - a +0 helmet (melded)
 Q - the +4 ring mail "Tukog" {Regen+ Str+5 Slay-3}
   (You found it on level 11 of the Dungeon)

   It affects your strength (+5).
   It affects your accuracy and damage with ranged weapons and melee attacks
   (-3).
   It increases your rate of regeneration.
 Z - a +2 cloak of invisibility (melded)
Magical Staves
 z - an uncursed staff of cold (melded)
 A - an uncursed staff of fire
 Y - an uncursed staff of death {unknown}
Jewellery
 f - a ring of magical power (left front leg)
 q - a +6 ring of evasion (right front leg)
 x - an uncursed ring of resist corrosion
 J - an uncursed ring of see invisible
 P - an uncursed ring of flight
 S - an uncursed amulet of regeneration {unknown}
 X - an uncursed amulet of faith {unknown}
Wands
 K - a wand of flame (31)
 O - a wand of random effects (48)
 R - a wand of digging (21)
Scrolls
 g - 2 scrolls of immolation
 l - 7 scrolls of enchant armour
 n - 6 scrolls of magic mapping
 o - 6 scrolls of enchant weapon
 s - 8 scrolls of teleportation
 y - 3 scrolls of amnesia
 F - 2 scrolls of blinking
 I - 7 scrolls of remove curse
 T - a scroll of fear
Potions
 e - 2 potions of resistance
 h - 2 potions of lignification
 i - a potion of brilliance
 k - a potion of berserk rage
 m - 3 potions of agility
 p - 2 potions of invisibility
 u - 3 potions of flight
 v - 2 potions of curing
 D - a potion of magic
 E - a potion of might
 G - 5 potions of haste
 H - a potion of ambrosia {unknown}
 L - 4 potions of degeneration {unknown}
 W - 2 potions of cancellation {unknown}
Books
 c - a book of Changes

   Spells                             Type                      Level
   a - Beastly Appendage              Transmutation                1
   b - Sticks to Snakes               Transmutation                2
   c - Spider Form                    Transmutation/Poison         3
   d - Ice Form                       Ice/Transmutation            4
   e - Blade Hands                    Transmutation                5
 M - a book of Cantrips

   Spells                             Type                      Level
   a - Confusing Touch                Hexes                        1
   b - Animate Skeleton               Necromancy                   1
   c - Summon Small Mammal            Summoning                    1
   d - Apportation                    Translocation                1
 N - a book of Ice

   Spells                             Type                      Level
   a - Ice Form                       Ice/Transmutation            4
   b - Metabolic Englaciation         Hexes/Ice                    5
   c - Ozocubu's Refrigeration        Ice                          6
   d - Bolt of Cold                   Conjuration/Ice              6
   e - Freezing Cloud                 Conjuration/Ice/Air          6
   f - Simulacrum                     Ice/Necromancy               6
 U - a book of Battle

   Spells                             Type                      Level
   a - Infusion                       Charms                       1
   b - Shroud of Golubria             Charms/Translocation         2
   c - Song of Slaying                Charms                       2
   d - Spectral Weapon                Hexes/Charms                 3
   e - Regeneration                   Charms/Necromancy            3
 V - a book of Geomancy

   Spells                             Type                      Level
   a - Sandblast                      Earth                        1
   b - Passwall                       Transmutation/Earth          2
   c - Stone Arrow                    Conjuration/Earth            3
   d - Petrify                        Transmutation/Earth          4
   e - Lee's Rapid Deconstruction     Earth                        5
Miscellaneous
 t - a lightning rod (4/4)
Comestibles
 d - 29 rations


   Skills:
 + Level 11.3(16.3) Fighting
 + Level 13.5(18.5) Dodging
 - Level 0.2(5.2) Stealth
 + Level 12.0(17.0) Unarmed Combat
 - Level 5.0 Spellcasting
 + Level 13.5 Transmutations
 + Level 10.0 Ice Magic
 - Level 3.0 Poison Magic


You had 8 spell levels left.
You knew the following spells:

 Your Spells              Type           Power        Failure   Level  Hunger
a - Spider Form           Tmut/Pois      ####......   7%          3    ###....
b - Sticks to Snakes      Tmut           #####...     1%          2    #......
c - Ice Form              Ice/Tmut       #####...     6%          4    ####...
d - Blade Hands           Tmut           #####.....   7%          5    ######.


Dungeon Overview and Level Annotations

Branches:
Dungeon (13/15)            Temple (1/1) D:4            Lair (5/6) D:11
 Shoals (0/4) Lair:2       Spider (0/4) Lair:3        Slime (0/5) Lair:5
    Orc (0/2) D:12
 Vaults: D:13-14

Altars:
Ashenzari
Cheibriados
Dithmenos
Elyvilon
Fedhas
Gozag
Hepliaklqana
Kikubaaqudgha
Makhleb
Nemelex Xobeh
Okawaru
Qazlal
Ru
Sif Muna
Trog
Uskayaw
Vehumet
Wu Jian
Xom
Yredelemnul
Zin
The Shining One

Shops:
D:6 !

Annotations:
D:6 1 runed door
D:11 exclusions: door and 1 more exclusion
D:13 Frances, Josephine
Lair:5 exclusions: death yak and 1 more exclusion


Message History

You don't have the energy to cast that spell.
You eat one of the 30 rations.
That ration really hit the spot!
The death yak completely misses you.
Casting: Blade Hands
Confirm with . or Enter, or press ? or * to list all spells.
You turn into a venomous arachnid creature.
Your uncursed staff of cold melds into your body.
Your +2 cloak of invisibility melds into your body.
Your +0 helmet melds into your body.
Your +0 pair of boots melds into your body.
Your +1 robe melds into your body.
The death yak gores you.
* * * LOW HITPOINT WARNING * * *
You gain the combat prowess of a mighty hero.
The death yak completely misses you.
You hit the death yak.
The death yak is heavily wounded.
You bite the death yak!
The death yak is heavily wounded.
The death yak gores you!!
You die...

.....#.##.##.....#######...###
....#..8.##...#.#.#..8.##...P#
....#.....#.......#...÷.#....##
....#8.>......8...'..<.8......#
..................#.....#....##
....##.8.##.#.###.#..8.#......#
.....#.##.##.....##.#........####
..........###...#.##..........##.
..........##....s(##.....#....P..
........#.#.....#Y##..######.....
.......####.....#.##...# #......
.....### #....8.#.....### #......
...#######..#...#.#.....# #......
#####.##....#...#.#.....###......
.####.#...##...........>.##......
###.#......##+...........##......
##.....÷..S#.........(...........


You could see a death yak.

Vanquished Creatures
  The ghost of Tegun the Archer, a journeyman DsWn (Lair:4)
  Fannar (D:11)
  3 hydras (Lair:1)
  3 two-headed ogres
  4 death yaks
  An unseen horror (D:10)
  A cyclops (D:12)
  An ugly thing (D:12)
  2 black mambas
  9 elephants
  A centaur zombie (D:10)
  9 spiny frogs
  A gargoyle (D:12)
  A kobold demonologist (D:10)
  2 rime drakes (Lair:1)
  4 komodo dragons
  5 polar bears
  3 trolls
  A hornet (D:11)
  Grinder (D:3)
  4 hippogriffs
  A wraith (D:11)
  2 redbacks (Lair:3)
  A vampire (D:9)
  19 yaks
  A basilisk (Lair:2)
  A hungry ghost (D:8)
  Grum (D:8)
  A vampire mosquito (D:11)
  Edmund (D:6)
  The ghost of error the Caller, an amateur OpSu (D:3)
  An acid dragon (D:12)
  6 water moccasins
  8 orc warriors
  8 porcupines
  3 ice beasts
  4 sky beasts
  6 black bears
  2 phantoms
  A necrophage (D:11)
  4 boggarts (Lair:4)
  13 wolves
  10 ogres
  An eye of draining (D:11)
  7 centaurs
  11 crocodiles
  3 big kobolds
  14 bullfrogs
  3 scorpions
  4 killer bees (D:11)
  2 vampire bats (D:6)
  9 howler monkeys
  10 crimson imps
  A bullfrog zombie (D:7)
  5 hounds
  5 jellies
  A quasit (D:8)
  3 orc priests
  11 orc wizards
  2 centaur skeletons
  8 worker ants
  5 iguanas
  A hound skeleton (D:11)
  4 worker ant zombies
  9 adders
  4 gnolls (D:4)
  5 shadow imps
  A white imp (D:12)
  7 oozes
  5 adder zombies
  2 adder skeletons
  5 worms
  3 dart slugs
  5 leopard geckos
  67 orcs
  2 ball pythons (D:2)
  8 giant cockroaches
  11 goblins
  10 hobgoblins
  16 jackals
  9 quokkas
  11 bats
  16 kobolds
  A leopard gecko skeleton (D:3)
  A quokka skeleton (D:9)
  2 quokka zombies
  5 rats
468 creatures vanquished.

Vanquished Creatures (collateral kills)
  A hydra (Lair:1)
  A tengu warrior (D:11)
2 creatures vanquished.

Vanquished Creatures (others)
  An orc wizard (D:6)
  A dart slug (D:3)
  A bat (D:3)
  A fungus (Lair:4)
  2 plants (Lair:4)
6 creatures vanquished.

Grand Total: 476 creatures vanquished

Notes
Turn   | Place    | Note
-------+----------+-------------------------------------------
     0 | D:1      | Oravi the Merfolk Transmuter began the quest for the Orb.
     0 | D:1      | Reached XP level 1. HP: 15/15 MP: 3/3
    32 | D:1      | Reached XP level 2. HP: 16/21 MP: 3/5
    41 | D:1      | Learned a level 2 spell: Sticks to Snakes
   557 | D:1      | Reached XP level 3. HP: 25/26 MP: 4/6
   562 | D:1      | Learned a level 3 spell: Spider Form
   875 | D:2      | Found a hazy altar of Hepliaklqana.
  1073 | D:2      | Reached XP level 4. HP: 14/32 MP: 1/7
  1077 | D:2      | Reached skill level 1 in Poison Magic
  1428 | D:2      | Found a glowing silver altar of Zin.
  1617 | D:2      | Found a bloodstained altar of Trog.
  1657 | D:2      | Found an opulent altar of Gozag.
  2163 | D:3      | Reached XP level 5. HP: 38/38 MP: 8/8
  2324 | D:3      | Noticed error's ghost (amateur OpSu)
  2395 | D:3      | Killed error's ghost
  2395 | D:3      | Reached XP level 6. HP: 28/46 MP: 2/9
  2533 | D:3      | Noticed Grinder
  2572 | D:3      | Killed Grinder
  2754 | D:3      | Reached XP level 7. HP: 52/52 MP: 10/10
  3234 | D:4      | Reached skill level 5 in Dodging
  3234 | D:4      | Reached skill level 5 in Unarmed Combat
  3234 | D:4      | Reached skill level 5 in Transmutations
  3248 | D:4      | Found a staircase to the Ecumenical Temple.
  3256 | Temple   | Entered the Ecumenical Temple
  3860 | D:4      | Found a hide-covered altar of Uskayaw.
  4065 | D:5      | Entered Level 5 of the Dungeon
  4231 | D:5      | Reached XP level 8. HP: 60/60 MP: 11/11
  4802 | D:6      | Found Gaul's Distillery.
  4807 | D:6      | Bought a potion of heal wounds for 50 gold pieces
  4885 | D:6      | Noticed Edmund
  4900 | D:6      | Found a sparkling altar of Nemelex Xobeh.
  4995 | D:6      | Killed Edmund
  4995 | D:6      | Reached skill level 5 in Fighting
  5176 | D:6      | Found the +4 Vampire's Tooth {vamp}
  5518 | D:6      | Reached XP level 9. HP: 38/68 MP: 12/12
  5548 | D:6      | Learned a level 4 spell: Ice Form
  5786 | D:6      | Reached skill level 1 in Ice Magic
  6278 | D:6      | Found a runed door.
  6649 | D:7      | Found an iron altar of Okawaru.
  6672 | D:7      | Became a worshipper of Warmaster Okawaru
  6911 | D:7      | Found a deep blue altar of Sif Muna.
  7111 | D:7      | Reached * piety under Okawaru
  7419 | D:8      | Reached XP level 10. HP: 76/77 MP: 13/13
  7581 | D:8      | Noticed Grum
  7606 | D:8      | Killed Grum
  7865 | D:9      | Found a burning altar of Makhleb.
  7865 | D:9      | Found an ornate altar of the Wu Jian Council.
  8012 | D:9      | Reached ** piety under Okawaru
  8339 | D:9      | Noticed a two-headed ogre
  8349 | D:9      | Killed a two-headed ogre
  8488 | D:10     | Entered Level 10 of the Dungeon
  8603 | D:10     | Reached skill level 5 in Ice Magic
  8938 | D:10     | Reached skill level 10 in Transmutations
  8980 | D:10     | Killed an unseen horror
  8980 | D:10     | Reached *** piety under Okawaru
  8980 | D:10     | Reached skill level 10 in Dodging
  9029 | D:10     | Noticed a kobold demonologist
  9040 | D:10     | Killed a kobold demonologist
  9040 | D:10     | Reached XP level 11. HP: 80/86 MP: 14/14
  9257 | D:10     | Learned a level 5 spell: Blade Hands
  9499 | D:11     | Got a jet-encrusted ring mail
  9518 | D:11     | Reached **** piety under Okawaru
  9641 | D:11     | Noticed a tengu warrior
  9652 | D:11     | Noticed a two-headed ogre
  9661 | D:11     | Killed a tengu warrior
  9670 | D:11     | Killed a two-headed ogre
  9700 | D:11     | Noticed a fire dragon
  9956 | D:11     | Found a staircase to the Lair.
  9970 | D:11     | Noticed Fannar
  9980 | D:11     | Reached ***** piety under Okawaru
  9996 | D:11     | Killed Fannar
 10273 | D:12     | Noticed a red ugly thing
 10362 | D:11     | Reached skill level 10 in Unarmed Combat
 10565 | D:12     | Noticed a two-headed ogre
 10604 | D:11     | Killed a two-headed ogre
 10967 | D:11     | Reached XP level 12. HP: 89/96 MP: 15/15
 11639 | D:12     | Found a staircase to the Orcish Mines.
 11697 | D:13     | Noticed Frances
 11697 | D:13     | Noticed Josephine
 11702 | D:12     | Identified the +4 ring mail "Tukog" {Regen+ Str+5 Slay-3} (You found it on level 11 of the Dungeon)
 11730 | Lair:1   | Entered Level 1 of the Lair of Beasts
 11763 | Lair:1   | Noticed an eight-headed hydra
 11804 | Lair:1   | Reached ****** piety under Okawaru
 11929 | D:11     | Reached skill level 10 in Fighting
 12564 | Lair:1   | Noticed a seven-headed hydra
 12588 | Lair:1   | Killed a seven-headed hydra
 12776 | Lair:1   | Noticed an eight-headed hydra
 12830 | Lair:1   | Received a gift from Okawaru
 13125 | Lair:1   | Killed an eight-headed hydra
 13162 | Lair:1   | Noticed a six-headed hydra
 13177 | Lair:1   | Killed a six-headed hydra
 13257 | Lair:1   | Killed an eight-headed hydra
 14024 | Lair:1   | Received a gift from Okawaru
 14299 | Lair:2   | Found a staircase to the Shoals.
 14334 | Lair:2   | Reached XP level 13. HP: 98/104 MP: 18/18
 15284 | Lair:3   | Found a hole to the Spider Nest.
 16369 | Lair:4   | Noticed Tegun's ghost (journeyman DsWn)
 16385 | Lair:4   | Killed Tegun's ghost
 16967 | Lair:5   | Found a staircase to the Slime Pits.
 17385 | Lair:4   | Received a gift from Okawaru
 17610 | Lair:5   | Reached skill level 5 in Spellcasting
 17616 | Lair:5   | Reached skill level 10 in Ice Magic
 17729 | Lair:4   | Mangled by a death yak

Skill      XL: |  1  2  3  4  5  6  7  8  9 10 11 12 13 |
---------------+----------------------------------------+-----
Transmutations | 3 4 5 7 8 10 11 12 13 | 13.5
Dodging        | 3 4 5 7 8 10 11 12 13 | 13.5
Poison Magic   | 1 2 3 |  3.0
Unarmed Combat | 4 5 6 7 9 10 11 12 | 12.0
Fighting       | 2 3 4 5 6 8 9 10 11 | 11.3
Ice Magic      | 3 5 7 8 10 | 10.0
Spellcasting   | 3 5 |  5.0
Stealth        | |  0.2

Action                   |  1- 3 |  4- 6 |  7- 9 | 10-12 | 13-15 || total
-------------------------+-------+-------+-------+-------+-------++-------
Melee: Unarmed           |   142 |   112 |   382 |   754 |   344 ||  1734
       Headbutt          |    13 |     7 |       |       |       ||    20
       Punch             |     3 |       |       |     3 |     1 ||     7
       Staff             |       |       |       |       |     2 ||     2
 Cast: Beastly Appendage |    21 |     5 |       |       |       ||    26
       Spider Form       |     4 |    15 |    53 |    63 |    13 ||   148
       Sticks to Snakes  |       |    13 |     3 |    27 |    12 ||    55
       Ice Form          |       |       |       |     8 |    13 ||    21
       Blade Hands       |       |       |       |     4 |     2 ||     6
Invok: Heroism           |       |       |       |     8 |     5 ||    13
 Abil: End Transformatio |       |       |       |     2 |     2 ||     4
Evoke: Wand              |       |       |       |     7 |       ||     7
  Use: Scroll            |     7 |     1 |    10 |     8 |     1 ||    27
       Potion            |       |       |       |     5 |     1 ||     6
 Stab: Sleeping          |     3 |     1 |     4 |     2 |     1 ||    11
       Distracted        |       |       |       |     5 |     1 ||     6
  Eat: Chunk             |     1 |     9 |    16 |    36 |    10 ||    72
       Ration            |       |       |     2 |       |     2 ||     4
Armor: Robe              |    32 |    10 |     3 |     6 |       ||    51
       Skin              |     1 |     7 |     7 |    17 |    15 ||    47
Dodge: Dodged            |   108 |    95 |   367 |   944 |   471 ||  1985
